WCHLSIM.com - West Coast Hockey League
html PUBLIC "-//W3C//DTD XHTML 1.0 Transitional//EN" "http://www.w3.org/TR/xhtml1/DTD/xhtml1-transitional.dtd"> WCHL - Game 141 - LONG BEACH BARACUDAS vs ANCHORAGE ACES

LONG BEACH BARACUDAS vs ANCHORAGE ACES

Created - 2 novembre 2021 at 21:50

Goals
1 2 3 T
LONG BEACH BARACUDAS 2 0 2 4
ANCHORAGE ACES 1 1 0 2
Shots
1 2 3 T
LONG BEACH BARACUDAS 15 9 9 33
ANCHORAGE ACES 12 11 11 34

1st period

1. LONG BEACH BARACUDAS , Brock Nelson 4 (Alex Pietrangelo 7) at 0:42
2. LONG BEACH BARACUDAS , Victor Rask 2 (Alex Pietrangelo 8, Alexandre Texier 2) at 10:16
3. ANCHORAGE ACES , Josh Bailey 1 (Connor McDavid 3, Carl Gunnarsson 1) at 16:56

Penalties :
Seth Jones (ANC) for Roughing (Minor) at 3:45, Jordan Martinook (ANC) for Hooking (Minor) at 7:40, Patrik Nemeth (ANC) for Hooking (Minor) at 12:19

2nd period

4. ANCHORAGE ACES , Connor McDavid 4 (Nathan MacKinnon 2, Nikolaj Ehlers 4) at 7:05 (PP)

Penalties :
Michael Del Zotto (LOB) for Hooking (Minor) at 6:01, Patrik Nemeth (ANC) for Interference (Minor) at 11:14

3rd period

5. LONG BEACH BARACUDAS , Jaden Schwartz 3 (Jakub Voracek 6, Joshua Norris 5) at 9:17
6. LONG BEACH BARACUDAS , Derek Stepan 2 (J.T. Compher 4) at 16:44

Penalties :
Chris Kreider (ANC) for Roughing (Minor) at 17:27

Goalie Stats

Jake Oettinger (LOB), 32 saves from 34 shots - (0,941), W, 3-1-1, 60:00 minutes
James Reimer (ANC), 29 saves from 33 shots - (0,879), L, 0-1-0, 60:00 minutes

Players Stats for LONG BEACH BARACUDAS

Player Name              G  A  P  +/- PIM S  H  SB GA TA FO     MP     PP MP  PK MP  
------------------------------------------------------------------------------------
Alex Pietrangelo         0  2  2   2  0   2  1  0  0  0  0/0    19:54   0:00   0:28 
Alexandre Texier         0  1  1   1  0   0  0  0  0  0  0/0     4:51   0:00   0:00 
Andrew Welinski          0  0  0   0  0   0  2  0  0  0  0/0    17:20   0:00   0:36 
Brock Nelson             1  0  1   0  0   5  0  0  0  0  16/33  21:55   4:36   0:00 
Derek Stepan             1  0  1   1  0   2  0  0  0  0  8/17   11:21   0:00   0:36 
J.T. Compher             0  1  1   1  0   5  1  0  0  0  0/0    15:07   4:47   0:36 
Jaden Schwartz           1  0  1   1  0   3  0  0  0  0  0/4    22:26   5:19   0:00 
Jake Gardiner            0  0  0   1  0   1  1  0  0  0  0/0    17:59   5:08   0:00 
Jakub Voracek            0  1  1   1  0   2  1  0  0  0  0/3    21:43   4:36   0:00 
Joshua Norris            0  1  1   1  0   3  1  0  0  0  11/26  22:15   5:08   0:00 
Max Domi                 0  0  0   1  0   1  2  0  0  0  0/0    10:45   0:00   0:00 
Michael Del Zotto        0  0  0   0  2   1  6  3  0  0  0/0    21:30   4:47   0:00 
P.K. Subban              0  0  0   1  0   0  0  2  0  0  0/0    13:27   0:00   0:36 
Patrick Marleau          0  0  0   1  0   0  0  0  0  0  0/0     4:18   0:00   0:28 
Robert Fabbri            0  0  0   0  0   2  3  0  0  0  0/2    22:38   5:19   0:00 
Taylor Hall              0  0  0   0  0   3  1  0  0  0  0/2    21:55   4:36   0:00 
Trevor van Riemsdyk      0  0  0   2  0   0  0  0  0  0  0/0    19:54   0:00   0:28 
Victor Rask              1  0  1   1  0   3  0  0  0  0  6/12    9:37   5:19   0:28 

Players Stats for ANCHORAGE ACES

Player Name              G  A  P  +/- PIM S  H  SB GA TA FO     MP     PP MP  PK MP  
------------------------------------------------------------------------------------
Artturi Lehkonen         0  0  0   0  0   0  3  0  0  0  0/1    16:07   0:00   5:11 
Ben Chiarot              0  0  0  -4  0   0  4  0  0  0  0/0    24:12   0:28   5:43 
Brad Richardson          0  0  0   0  0   0  0  0  0  0  0/4     3:32   0:00   0:00 
Carl Gunnarsson          0  1  1   1  0   1  1  1  0  0  0/0    19:06   0:00   4:12 
Cedric Paquette          0  0  0   0  0   1  2  0  0  0  0/0     3:32   0:00   0:00 
Charlie Coyle            0  0  0   0  0   1  0  1  0  0  7/14   15:16   0:00   4:20 
Chris Kreider            0  0  0  -1  2   3  0  0  0  0  0/0    17:59   0:36   0:00 
Connor McDavid           1  1  2  -2  0   7  0  0  0  0  18/26  17:37   0:28   0:00 
Jordan Martinook         0  0  0   0  2   0  3  0  0  0  1/1    13:56   0:00   3:01 
Josh Bailey              1  0  1  -2  0   3  0  0  0  0  0/1    17:45   0:36   0:00 
Nate Thompson            0  0  0   0  0   1  0  0  0  0  0/0     5:15   0:00   1:43 
Nathan MacKinnon         0  1  1  -1  0   7  0  0  0  0  1/3    17:52   0:28   0:00 
Nikolaj Ehlers           0  1  1  -2  0   3  2  0  0  0  0/0    17:37   0:28   0:00 
Patrik Nemeth            0  0  0   0  4   1  0  2  0  0  0/0    19:22   0:28   2:50 
Phillip Danault          0  0  0  -1  0   4  2  0  0  0  31/49  23:35   0:36   5:35 
Robert Bortuzzo          0  0  0   1  0   0  2  1  0  0  0/0    14:06   0:00   0:00 
Seth Jones               0  0  0  -4  2   2  4  1  0  0  0/0    23:45   0:36   4:21 
Zachary Werenski         0  0  0   0  0   0  0  2  0  0  0/0    19:26   0:36   2:44 

3 Stars

1 - Alex Pietrangelo (LOB)
2 - Derek Stepan (LOB)
3 - Victor Rask (LOB)

Power Play

LONG BEACH BARACUDAS - 0 on 5 Attempt(s) - 0,00%
ANCHORAGE ACES - 1 on 1 Attempt(s) - 100,00%

Penalty Kill

LONG BEACH BARACUDAS - 0 on 1 Attempt(s) - 0,00% - Score 0 goal in Penalty Kill
ANCHORAGE ACES - 5 on 5 Attempt(s) - 100,00% - Score 0 goal in Penalty Kill

Team Stat

LONG BEACH BARACUDAS - Hits : 19 - Faceoff Wins : 41 - Blocked Shots : 5 - Penalty Minutes : 2
ANCHORAGE ACES - Hits : 23 - Faceoff Wins : 58 - Blocked Shots : 8 - Penalty Minutes : 10

Official

Referees : Frederick L'Ecuyer and Sean MacFarlane
Linesman : Jake Davis and Travis Gawryletz

Game Notes

No Game Note

Finance

Level 1 -- Attendance: 6000 (100,00%) -- Ticket Income 960 000 $
Level 2 -- Attendance: 4724 (94,48%) -- Ticket Income 595 224 $
Level 3 -- Attendance: 1850 (92,50%) -- Ticket Income 194 250 $
Level 4 -- Attendance: 4000 (100,00%) -- Ticket Income 248 000 $
Luxury Box -- Attendance: 1000 (100,00%) -- Ticket Income 280 000 $
Game was played at the Alaska Center.
Total Attendance: 17574 (97,63%)
Total Ticket Income: 2 277 474 $
Other Expense: 22 775 $
Total Income: 2 254 699 $

LONG BEACH BARACUDAS

5 vs 5 Forward 
   Center                   Left Wing                Right Wing               Time % Phy DF OF 
 1 Brock Nelson             Taylor Hall              Robert Fabbri            34     0   1  4  
 2 Joshua Norris            Jaden Schwartz           Jakub Voracek            34     0   2  3  
 3 Derek Stepan             Max Domi                 J.T. Compher             22     0   3  2  
 4 Victor Rask              Patrick Marleau          Alexandre Texier         10     0   3  2  

5 vs 5 Defense 
   Defense                  Defense                                           Time % Phy DF OF 
 1 Alex Pietrangelo         Trevor van Riemsdyk                               36     0   2  3  
 2 Andrew Welinski          Michael Del Zotto                                 31     0   2  3  
 3 Jake Gardiner            P.K. Subban                                       23     0   3  2  
 4 Michael Del Zotto        Andrew Welinski                                   10     1   2  2  

PowerPlay Forward 
   Center                   Left Wing                Right Wing               Time % Phy DF OF 
 1 Victor Rask              Jaden Schwartz           Robert Fabbri            55     0   1  4  
 2 Brock Nelson             Taylor Hall              Jakub Voracek            45     0   1  4  

PowerPlay Defense
   Defense                  Defense                                           Time % Phy DF OF 
 1 Jake Gardiner            Joshua Norris                                     55     0   1  4  
 2 Michael Del Zotto        J.T. Compher                                      45     0   1  4  

Penalty Kill 4 Players Forward 
   Center                   Wing                     Time % Phy DF OF 
 1 Derek Stepan             J.T. Compher             55     0   4  1  
 2 Victor Rask              Patrick Marleau          45     0   4  1  

Penalty Kill 4 Players Defense
   Defense                  Defense                  Time % Phy DF OF 
 1 Alex Pietrangelo         Michael Del Zotto        55     0   5  0  
 2 P.K. Subban              Andrew Welinski          45     0   5  0  

Penalty Kill - 3 Players Forward 
   Forward                                           Time % Phy DF OF 
 1 Victor Rask                                       55     0   5  0  
 2 Derek Stepan                                      45     0   5  0  

Penalty Kill - 3 Players Defense
   Defense                  Defense                  Time % Phy DF OF 
 1 Alex Pietrangelo         Andrew Welinski          55     0   5  0  
 2 P.K. Subban              Michael Del Zotto        45     0   5  0  

4 vs 4 Forward 
   Center                   Wing                     Time % Phy DF OF 
 1 Max Domi                 J.T. Compher             55     0   2  3  
 2 Victor Rask              Alexandre Texier         45     0   2  3  

4 vs 4 Defense
   Defense                  Defense                  Time % Phy DF OF 
 1 Trevor van Riemsdyk      Jake Gardiner            55     0   3  2  
 2 P.K. Subban              Michael Del Zotto        45     0   3  2  

Last Minutes Offensive
   Center                   Left Wing                Right Wing               Defense                  Defense                  
   Joshua Norris            Taylor Hall              J.T. Compher             Alex Pietrangelo         Andrew Welinski          

Last Minutes Defensive
   Center                   Left Wing                Right Wing               Defense                  Defense                  
   J.T. Compher             Jaden Schwartz           Alexandre Texier         Alex Pietrangelo         Trevor van Riemsdyk      

Goaltenders
Starting : Jake Oettinger           
Backup : Martin Jones             

Extra Forwards
Normal : Max Domi, Robert Fabbri, Alexandre Texier - PP : Max Domi, J.T. Compher - PK : Patrick Marleau
Extra Defensemen
Normal : Jake Gardiner, Trevor van Riemsdyk, P.K. Subban - PP : Jake Gardiner - PK : Trevor van Riemsdyk, P.K. Subban
Penalty Shots
Jakub Voracek, Taylor Hall, Brock Nelson, Jaden Schwartz, Robert Fabbri
Custom OT Lines Forwards
Jakub Voracek, Taylor Hall, Brock Nelson, Jaden Schwartz, J.T. Compher, Joshua Norris, Robert Fabbri, Derek Stepan, Patrick Marleau, Victor Rask
Custom OT Lines Defensemen
Alex Pietrangelo, Andrew Welinski, P.K. Subban, Michael Del Zotto, Jake Gardiner

Scratches
Jared Spurgeon (Sore Left Knee Injury)

ANCHORAGE ACES

5 vs 5 Forward 
   Center                   Left Wing                Right Wing               Time % Phy DF OF 
 1 Connor McDavid           Nikolaj Ehlers           Josh Bailey              35     0   0  5  
 2 Phillip Danault          Chris Kreider            Nathan MacKinnon         35     0   1  4  
 3 Charlie Coyle            Jordan Martinook         Artturi Lehkonen         22     1   2  2  
 4 Brad Richardson          Nate Thompson            Cedric Paquette          8      2   2  1  

5 vs 5 Defense 
   Defense                  Defense                                           Time % Phy DF OF 
 1 Seth Jones               Ben Chiarot                                       35     1   2  2  
 2 Zachary Werenski         Patrik Nemeth                                     32     1   2  2  
 3 Robert Bortuzzo          Carl Gunnarsson                                   26     2   3  0  
 4 Seth Jones               Carl Gunnarsson                                   7      1   2  2  

PowerPlay Forward 
   Center                   Left Wing                Right Wing               Time % Phy DF OF 
 1 Connor McDavid           Nikolaj Ehlers           Nathan MacKinnon         55     1   2  2  
 2 Phillip Danault          Chris Kreider            Josh Bailey              45     1   2  2  

PowerPlay Defense
   Defense                  Defense                                           Time % Phy DF OF 
 1 Seth Jones               Zachary Werenski                                  55     1   2  2  
 2 Ben Chiarot              Patrik Nemeth                                     45     1   2  2  

Penalty Kill 4 Players Forward 
   Center                   Wing                     Time % Phy DF OF 
 1 Phillip Danault          Artturi Lehkonen         55     1   2  2  
 2 Charlie Coyle            Jordan Martinook         45     1   2  2  

Penalty Kill 4 Players Defense
   Defense                  Defense                  Time % Phy DF OF 
 1 Seth Jones               Ben Chiarot              55     1   2  2  
 2 Carl Gunnarsson          Patrik Nemeth            45     1   2  2  

Penalty Kill - 3 Players Forward 
   Forward                                           Time % Phy DF OF 
 1 Phillip Danault                                   55     1   2  2  
 2 Charlie Coyle                                     45     1   2  2  

Penalty Kill - 3 Players Defense
   Defense                  Defense                  Time % Phy DF OF 
 1 Ben Chiarot              Seth Jones               55     1   2  2  
 2 Carl Gunnarsson          Robert Bortuzzo          45     1   2  2  

4 vs 4 Forward 
   Center                   Wing                     Time % Phy DF OF 
 1 Connor McDavid           Nathan MacKinnon         55     1   2  2  
 2 Nikolaj Ehlers           Josh Bailey              45     1   2  2  

4 vs 4 Defense
   Defense                  Defense                  Time % Phy DF OF 
 1 Seth Jones               Ben Chiarot              55     1   2  2  
 2 Robert Bortuzzo          Patrik Nemeth            45     1   2  2  

Last Minutes Offensive
   Center                   Left Wing                Right Wing               Defense                  Defense                  
   Nathan MacKinnon         Connor McDavid           Nikolaj Ehlers           Seth Jones               Zachary Werenski         

Last Minutes Defensive
   Center                   Left Wing                Right Wing               Defense                  Defense                  
   Phillip Danault          Jordan Martinook         Nathan MacKinnon         Seth Jones               Zachary Werenski         

Goaltenders
Starting : James Reimer             
Backup : Darcy Kuemper            

Extra Forwards
Normal : Josh Bailey, Nathan MacKinnon, Connor McDavid - PP : Nikolaj Ehlers, Josh Bailey - PK : Nate Thompson
Extra Defensemen
Normal : Zachary Werenski, Seth Jones, Ben Chiarot - PP : Zachary Werenski - PK : Patrik Nemeth, Seth Jones
Penalty Shots
Nathan MacKinnon, Nikolaj Ehlers, Connor McDavid, Josh Bailey, Chris Kreider
Custom OT Lines Forwards
Nathan MacKinnon, Nikolaj Ehlers, Connor McDavid, Josh Bailey, Chris Kreider, Phillip Danault, Charlie Coyle, Artturi Lehkonen, Jordan Martinook, Brad Richardson
Custom OT Lines Defensemen
Zachary Werenski, Seth Jones, Ben Chiarot, Patrik Nemeth, Robert Bortuzzo

Scratches
None


% Time on Ice - LONG BEACH BARACUDAS

Lines # - Real PCT - Wanted PCT - Time Play
Normal Forward
1 - 35% - 34% - 17:19
2 - 35% - 34% - 17:07
3 - 22% - 22% - 10:45
4 - 8% - 10% - 3:50
Normal Defense
1 - 40% - 36% - 19:26
2 - 29% - 31% - 14:01
3 - 26% - 23% - 12:51
4 - 6% - 10% - 2:43
PP Forward
1 - 54% - 55% - 5:19
2 - 46% - 45% - 4:36
PP Defense
1 - 52% - 55% - 5:08
2 - 48% - 45% - 4:47
PK Forward
1 - 56% - 55% - 0:36
2 - 44% - 45% - 0:28
PK Defense
1 - 44% - 55% - 0:28
2 - 56% - 45% - 0:36
PK3 Forward
1 - 0% - 55%
2 - 0% - 45%
PK3 Defense
1 - 0% - 55%
2 - 0% - 45%
44 Forward
1 - 0% - 55%
2 - 0% - 45%
44 Defense
1 - 0% - 55%
2 - 0% - 45%
Last Minute Offensive  - 0:00
Last Minute Defensive  - 0:00
Total
Forward - 60:00
Defense - 60:00

% Time on Ice - ANCHORAGE ACES

Lines # - Real PCT - Wanted PCT - Time Play
Normal Forward
1 - 35% - 35% - 17:09
2 - 35% - 35% - 17:24
3 - 22% - 22% - 10:56
4 - 7% - 8% - 3:32
Normal Defense
1 - 37% - 35% - 18:01
2 - 33% - 32% - 16:06
3 - 29% - 26% - 14:06
4 - 2% - 7% - 0:48
PP Forward
1 - 44% - 55% - 0:28
2 - 56% - 45% - 0:36
PP Defense
1 - 56% - 55% - 0:36
2 - 44% - 45% - 0:28
PK Forward
1 - 56% - 55% - 5:35
2 - 44% - 45% - 4:20
PK Defense
1 - 58% - 55% - 5:43
2 - 42% - 45% - 4:12
PK3 Forward
1 - 0% - 55%
2 - 0% - 45%
PK3 Defense
1 - 0% - 55%
2 - 0% - 45%
44 Forward
1 - 0% - 55%
2 - 0% - 45%
44 Defense
1 - 0% - 55%
2 - 0% - 45%
Last Minute Offensive  - 0:00
Last Minute Defensive  - 0:00
Total
Forward - 60:00
Defense - 60:00

Play-by-Play

1st period


0:01 of 1st period - Brock Nelson wins face-off versus Connor McDavid in neutral zone.
0:22 of 1st period - Shot by Connor McDavid.
0:22 of 1st period - Stopped by Jake Oettinger with a rebound.
0:42 of 1st period - Shot by Brock Nelson.
0:42 of 1st period - Goal by Brock Nelson - LONG BEACH BARACUDAS : 1 - ANCHORAGE ACES : 0.
0:43 of 1st period - Phillip Danault wins face-off versus Joshua Norris in neutral zone.
1:06 of 1st period - Icing by Patrik Nemeth.
1:07 of 1st period - Derek Stepan wins face-off versus Nathan MacKinnon in ANCHORAGE ACES zone.
1:11 of 1st period - Icing by Phillip Danault.
1:12 of 1st period - Phillip Danault wins face-off versus Derek Stepan in ANCHORAGE ACES zone.
1:28 of 1st period - Shot by Nathan MacKinnon.
1:28 of 1st period - Stopped by Jake Oettinger without a rebound.
1:29 of 1st period - Charlie Coyle wins face-off versus Victor Rask in LONG BEACH BARACUDAS zone.
2:35 of 1st period - Off-side.
2:36 of 1st period - Connor McDavid wins face-off versus Jakub Voracek in neutral zone.
2:45 of 1st period - Shot by Connor McDavid.
2:45 of 1st period - Stopped by Jake Oettinger without a rebound.
2:46 of 1st period - Joshua Norris wins face-off versus Phillip Danault in LONG BEACH BARACUDAS zone.
2:53 of 1st period - Shot by Jakub Voracek.
2:53 of 1st period - Shot Misses the Net.
3:07 of 1st period - Shot by Jakub Voracek.
3:07 of 1st period - Stopped by James Reimer without a rebound.
3:08 of 1st period - Connor McDavid wins face-off versus Brock Nelson in ANCHORAGE ACES zone.
3:30 of 1st period - Shot by Connor McDavid.
3:30 of 1st period - Stopped by Jake Oettinger with a rebound.
3:42 of 1st period - Shot by Brock Nelson.
3:42 of 1st period - Stopped by James Reimer without a rebound.
3:43 of 1st period - Derek Stepan wins face-off versus Phillip Danault in ANCHORAGE ACES zone.
3:43 of 1st period - Alex Pietrangelo is hit by Carl Gunnarsson and loses puck.
3:45 of 1st period - Minor Penalty to Seth Jones for Roughing.
3:46 of 1st period - Victor Rask wins face-off versus Phillip Danault in ANCHORAGE ACES zone.
4:02 of 1st period - Shot by Victor Rask.
4:02 of 1st period - Stopped by James Reimer without a rebound.
4:03 of 1st period - Charlie Coyle wins face-off versus Brock Nelson in ANCHORAGE ACES zone.
4:03 of 1st period - Charlie Coyle is hit by Jake Gardiner.
4:27 of 1st period - Shot by Jakub Voracek.
4:27 of 1st period - Shot Misses the Net.
5:07 of 1st period - Shot by J.T. Compher.
5:07 of 1st period - Stopped by James Reimer without a rebound.
5:08 of 1st period - Charlie Coyle wins face-off versus Victor Rask in ANCHORAGE ACES zone.
5:24 of 1st period - J.T. Compher is hit by Phillip Danault and loses puck.
5:35 of 1st period - Shot by J.T. Compher.
5:35 of 1st period - Shot Blocked by Zachary Werenski.
5:37 of 1st period - Shot by Robert Fabbri.
5:37 of 1st period - Stopped by James Reimer with a rebound.
6:41 of 1st period - Zachary Werenski is hit by Max Domi.
6:45 of 1st period - Shot by Nate Thompson.
6:45 of 1st period - Stopped by Jake Oettinger without a rebound.
6:46 of 1st period - Phillip Danault wins face-off versus Jaden Schwartz in LONG BEACH BARACUDAS zone.
6:51 of 1st period - Shot by Chris Kreider.
6:51 of 1st period - Stopped by Jake Oettinger without a rebound.
6:52 of 1st period - Joshua Norris wins face-off versus Brad Richardson in LONG BEACH BARACUDAS zone.
6:52 of 1st period - Joshua Norris is hit by Cedric Paquette.
6:57 of 1st period - Icing by Jaden Schwartz.
6:58 of 1st period - Phillip Danault wins face-off versus Joshua Norris in LONG BEACH BARACUDAS zone.
7:02 of 1st period - Nathan MacKinnon is hit by Michael Del Zotto and loses puck.
7:12 of 1st period - Icing by Jaden Schwartz.
7:13 of 1st period - Charlie Coyle wins face-off versus Joshua Norris in LONG BEACH BARACUDAS zone.
7:28 of 1st period - Shot by Joshua Norris.
7:28 of 1st period - Shot Misses the Net.
7:40 of 1st period - Minor Penalty to Jordan Martinook for Hooking.
7:41 of 1st period - Victor Rask wins face-off versus Phillip Danault in ANCHORAGE ACES zone.
8:00 of 1st period - Shot by Joshua Norris.
8:00 of 1st period - Stopped by James Reimer with a rebound.
8:10 of 1st period - Shot by Joshua Norris.
8:10 of 1st period - Shot Blocked by Patrik Nemeth.
8:26 of 1st period - Carl Gunnarsson is hit by Taylor Hall and loses puck.
9:17 of 1st period - Shot by Joshua Norris.
9:17 of 1st period - Stopped by James Reimer without a rebound.
9:18 of 1st period - Victor Rask wins face-off versus Phillip Danault in ANCHORAGE ACES zone.
9:23 of 1st period - Shot by Robert Fabbri.
9:23 of 1st period - Stopped by James Reimer with a rebound.
9:25 of 1st period - Shot by Jaden Schwartz.
9:25 of 1st period - Shot Misses the Net.
9:27 of 1st period - Shot by Joshua Norris.
9:27 of 1st period - Shot Misses the Net.
9:29 of 1st period - Shot by Jake Gardiner.
9:29 of 1st period - Stopped by James Reimer without a rebound.
9:30 of 1st period - Phillip Danault wins face-off versus Brock Nelson in ANCHORAGE ACES zone.
10:02 of 1st period - Shot by Connor McDavid.
10:02 of 1st period - Shot Misses the Net.
10:16 of 1st period - Shot by Victor Rask.
10:16 of 1st period - Goal by Victor Rask - LONG BEACH BARACUDAS : 2 - ANCHORAGE ACES : 0.
10:17 of 1st period - Phillip Danault wins face-off versus Brock Nelson in neutral zone.
10:30 of 1st period - Shot by Phillip Danault.
10:30 of 1st period - Shot Misses the Net.
11:22 of 1st period - Off-side.
11:23 of 1st period - Charlie Coyle wins face-off versus Derek Stepan in neutral zone.
11:58 of 1st period - Shot by Max Domi.
11:58 of 1st period - Shot Misses the Net.
12:19 of 1st period - Minor Penalty to Patrik Nemeth for Hooking.
12:20 of 1st period - Victor Rask wins face-off versus Phillip Danault in ANCHORAGE ACES zone.
12:29 of 1st period - Shot by Jaden Schwartz.
12:29 of 1st period - Stopped by James Reimer without a rebound.
12:30 of 1st period - Phillip Danault wins face-off versus Taylor Hall in ANCHORAGE ACES zone.
12:36 of 1st period - Icing by Taylor Hall.
12:37 of 1st period - Phillip Danault wins face-off versus Brock Nelson in LONG BEACH BARACUDAS zone.
13:25 of 1st period - Ben Chiarot is hit by Jakub Voracek and loses puck.
13:38 of 1st period - Shot by Robert Fabbri.
13:38 of 1st period - Shot Misses the Net.
13:40 of 1st period - Shot by J.T. Compher.
13:40 of 1st period - Shot Misses the Net.
13:58 of 1st period - Shot by J.T. Compher.
13:58 of 1st period - Stopped by James Reimer without a rebound.
13:59 of 1st period - Phillip Danault wins face-off versus Victor Rask in ANCHORAGE ACES zone.
14:14 of 1st period - Shot by J.T. Compher.
14:14 of 1st period - Stopped by James Reimer without a rebound.
14:15 of 1st period - Brock Nelson wins face-off versus Phillip Danault in ANCHORAGE ACES zone.
14:20 of 1st period - Shot by J.T. Compher.
14:20 of 1st period - Shot Misses the Net.
14:22 of 1st period - Shot by Max Domi.
14:22 of 1st period - Shot Misses the Net.
15:21 of 1st period - Off-side.
15:22 of 1st period - Brock Nelson wins face-off versus Brad Richardson in neutral zone.
15:30 of 1st period - Icing by Ben Chiarot.
15:31 of 1st period - Joshua Norris wins face-off versus Brad Richardson in ANCHORAGE ACES zone.
15:52 of 1st period - Shot by Cedric Paquette.
15:52 of 1st period - Stopped by Jake Oettinger without a rebound.
15:53 of 1st period - Nathan MacKinnon wins face-off versus Brock Nelson in LONG BEACH BARACUDAS zone.
15:56 of 1st period - Shot by Phillip Danault.
15:56 of 1st period - Stopped by Jake Oettinger without a rebound.
15:57 of 1st period - Phillip Danault wins face-off versus Brock Nelson in LONG BEACH BARACUDAS zone.
16:00 of 1st period - Shot by Phillip Danault.
16:00 of 1st period - Stopped by Jake Oettinger without a rebound.
16:01 of 1st period - Phillip Danault wins face-off versus Brock Nelson in LONG BEACH BARACUDAS zone.
16:03 of 1st period - Nathan MacKinnon is hit by Michael Del Zotto.
16:10 of 1st period - Robert Fabbri is hit by Seth Jones and loses puck.
16:13 of 1st period - Shot by Taylor Hall.
16:13 of 1st period - Stopped by James Reimer without a rebound.
16:14 of 1st period - Connor McDavid wins face-off versus Joshua Norris in ANCHORAGE ACES zone.
16:29 of 1st period - Icing by Connor McDavid.
16:30 of 1st period - Connor McDavid wins face-off versus Robert Fabbri in ANCHORAGE ACES zone.
16:56 of 1st period - Shot by Josh Bailey.
16:56 of 1st period - Goal by Josh Bailey - LONG BEACH BARACUDAS : 2 - ANCHORAGE ACES : 1.
16:57 of 1st period - Joshua Norris wins face-off versus Phillip Danault in neutral zone.
16:57 of 1st period - Jaden Schwartz is hit by Phillip Danault and loses puck.
17:14 of 1st period - Shot by Chris Kreider.
17:14 of 1st period - Stopped by Jake Oettinger without a rebound.
17:15 of 1st period - Brock Nelson wins face-off versus Charlie Coyle in LONG BEACH BARACUDAS zone.
17:20 of 1st period - P.K. Subban is hit by Jordan Martinook and loses puck.
17:27 of 1st period - Shot by Charlie Coyle.
17:27 of 1st period - Shot Blocked by P.K. Subban.
17:29 of 1st period - Shot by Artturi Lehkonen.
17:29 of 1st period - Shot Blocked by P.K. Subban.
17:35 of 1st period - Shot by Zachary Werenski.
17:35 of 1st period - Shot Misses the Net.
18:15 of 1st period - Shot by Nathan MacKinnon.
18:15 of 1st period - Stopped by Jake Oettinger without a rebound.
18:16 of 1st period - Connor McDavid wins face-off versus Jaden Schwartz in LONG BEACH BARACUDAS zone.
18:19 of 1st period - Shot by Connor McDavid.
18:19 of 1st period - Shot Blocked by Michael Del Zotto.
19:39 of 1st period - Off-side.
19:40 of 1st period - Jordan Martinook wins face-off versus Brock Nelson in neutral zone.
19:53 of 1st period - Shot by Robert Fabbri.
19:53 of 1st period - Deflect By Brock Nelson.
19:53 of 1st period - Shot Misses the Net.
Goals for this period are 2 for LONG BEACH BARACUDAS vs 1 for ANCHORAGE ACES.
Shots for this period are 15 for LONG BEACH BARACUDAS vs 12 for ANCHORAGE ACES.

2nd period


0:01 of 2nd period - Phillip Danault wins face-off versus Joshua Norris in neutral zone.
0:29 of 2nd period - Shot by Nathan MacKinnon.
0:29 of 2nd period - Stopped by Jake Oettinger without a rebound.
0:30 of 2nd period - Brock Nelson wins face-off versus Connor McDavid in LONG BEACH BARACUDAS zone.
0:49 of 2nd period - Shot by Brock Nelson.
0:49 of 2nd period - Stopped by James Reimer without a rebound.
0:50 of 2nd period - Phillip Danault wins face-off versus Joshua Norris in ANCHORAGE ACES zone.
1:01 of 2nd period - Shot by Joshua Norris.
1:01 of 2nd period - Shot Blocked by Seth Jones.
1:03 of 2nd period - Shot by Jaden Schwartz.
1:03 of 2nd period - Shot Misses the Net.
1:08 of 2nd period - Jaden Schwartz is hit by Ben Chiarot and loses puck.
2:08 of 2nd period - Shot by Robert Fabbri.
2:08 of 2nd period - Shot Blocked by Zachary Werenski.
2:10 of 2nd period - Shot by Michael Del Zotto.
2:10 of 2nd period - Stopped by James Reimer without a rebound.
2:11 of 2nd period - Derek Stepan wins face-off versus Charlie Coyle in ANCHORAGE ACES zone.
2:40 of 2nd period - Shot by Charlie Coyle.
2:40 of 2nd period - Stopped by Jake Oettinger without a rebound.
2:41 of 2nd period - Brock Nelson wins face-off versus Josh Bailey in LONG BEACH BARACUDAS zone.
2:41 of 2nd period - Robert Fabbri is hit by Nikolaj Ehlers.
3:33 of 2nd period - Icing by Patrik Nemeth.
3:34 of 2nd period - Connor McDavid wins face-off versus Joshua Norris in ANCHORAGE ACES zone.
3:36 of 2nd period - Icing by Nikolaj Ehlers.
3:37 of 2nd period - Connor McDavid wins face-off versus Joshua Norris in ANCHORAGE ACES zone.
3:42 of 2nd period - Patrik Nemeth is hit by Joshua Norris.
4:04 of 2nd period - Shot by Nathan MacKinnon.
4:04 of 2nd period - Stopped by Jake Oettinger without a rebound.
4:05 of 2nd period - Derek Stepan wins face-off versus Phillip Danault in LONG BEACH BARACUDAS zone.
4:15 of 2nd period - Off-side.
4:16 of 2nd period - Charlie Coyle wins face-off versus Brock Nelson in neutral zone.
4:26 of 2nd period - Icing by P.K. Subban.
4:27 of 2nd period - Brock Nelson wins face-off versus Phillip Danault in LONG BEACH BARACUDAS zone.
4:45 of 2nd period - Icing by Seth Jones.
4:46 of 2nd period - Phillip Danault wins face-off versus Joshua Norris in ANCHORAGE ACES zone.
5:20 of 2nd period - Icing by Alex Pietrangelo.
5:21 of 2nd period - Joshua Norris wins face-off versus Connor McDavid in LONG BEACH BARACUDAS zone.
5:52 of 2nd period - Connor McDavid is hit by Andrew Welinski.
6:01 of 2nd period - Minor Penalty to Michael Del Zotto for Hooking.
6:02 of 2nd period - Derek Stepan wins face-off versus Phillip Danault in LONG BEACH BARACUDAS zone.
6:37 of 2nd period - Shot by Seth Jones.
6:37 of 2nd period - Stopped by Jake Oettinger without a rebound.
6:38 of 2nd period - Connor McDavid wins face-off versus Victor Rask in LONG BEACH BARACUDAS zone.
7:03 of 2nd period - Shot by Nathan MacKinnon.
7:03 of 2nd period - Shot Misses the Net.
7:05 of 2nd period - Shot by Connor McDavid.
7:05 of 2nd period - Goal by Connor McDavid - LONG BEACH BARACUDAS : 2 - ANCHORAGE ACES : 2.
7:06 of 2nd period - Brock Nelson wins face-off versus Charlie Coyle in neutral zone.
7:21 of 2nd period - Shot by Robert Fabbri.
7:21 of 2nd period - Shot Misses the Net.
7:46 of 2nd period - Shot by Charlie Coyle.
7:46 of 2nd period - Shot Misses the Net.
8:09 of 2nd period - Shot by Chris Kreider.
8:09 of 2nd period - Shot Misses the Net.
8:12 of 2nd period - Phillip Danault is hit by Andrew Welinski and loses puck.
8:29 of 2nd period - Icing by Patrik Nemeth.
8:30 of 2nd period - Phillip Danault wins face-off versus Derek Stepan in ANCHORAGE ACES zone.
8:30 of 2nd period - Phillip Danault is hit by Max Domi.
8:37 of 2nd period - Off-side.
8:38 of 2nd period - Connor McDavid wins face-off versus Derek Stepan in neutral zone.
8:58 of 2nd period - Shot by Connor McDavid.
8:58 of 2nd period - Deflect By Josh Bailey.
8:58 of 2nd period - Stopped by Jake Oettinger with a rebound.
9:03 of 2nd period - J.T. Compher is hit by Seth Jones and loses puck.
9:06 of 2nd period - Shot by Alex Pietrangelo.
9:06 of 2nd period - Stopped by James Reimer with a rebound.
9:08 of 2nd period - Shot by J.T. Compher.
9:08 of 2nd period - Stopped by James Reimer without a rebound.
9:09 of 2nd period - Joshua Norris wins face-off versus Phillip Danault in ANCHORAGE ACES zone.
9:32 of 2nd period - Icing by Robert Bortuzzo.
9:33 of 2nd period - Phillip Danault wins face-off versus Taylor Hall in ANCHORAGE ACES zone.
9:33 of 2nd period - Phillip Danault is hit by Robert Fabbri.
9:45 of 2nd period - Phillip Danault is hit by Robert Fabbri and loses puck.
9:49 of 2nd period - Icing by Nathan MacKinnon.
9:50 of 2nd period - Phillip Danault wins face-off versus Joshua Norris in ANCHORAGE ACES zone.
10:11 of 2nd period - Shot by Joshua Norris.
10:11 of 2nd period - Stopped by James Reimer with a rebound.
10:55 of 2nd period - Off-side.
10:56 of 2nd period - Derek Stepan wins face-off versus Charlie Coyle in neutral zone.
10:58 of 2nd period - Off-side.
10:59 of 2nd period - Brock Nelson wins face-off versus Charlie Coyle in neutral zone.
11:07 of 2nd period - Icing by Artturi Lehkonen.
11:08 of 2nd period - Brock Nelson wins face-off versus Charlie Coyle in ANCHORAGE ACES zone.
11:14 of 2nd period - Minor Penalty to Patrik Nemeth for Interference.
11:15 of 2nd period - Phillip Danault wins face-off versus Victor Rask in ANCHORAGE ACES zone.
11:27 of 2nd period - Off-side.
11:28 of 2nd period - Phillip Danault wins face-off versus Brock Nelson in neutral zone.
13:23 of 2nd period - Shot by Derek Stepan.
13:23 of 2nd period - Stopped by James Reimer without a rebound.
13:24 of 2nd period - Derek Stepan wins face-off versus Connor McDavid in ANCHORAGE ACES zone.
13:31 of 2nd period - Shot by J.T. Compher.
13:31 of 2nd period - Deflect By Max Domi.
13:31 of 2nd period - Stopped by James Reimer without a rebound.
13:32 of 2nd period - Brock Nelson wins face-off versus Connor McDavid in ANCHORAGE ACES zone.
14:11 of 2nd period - Shot by Brock Nelson.
14:11 of 2nd period - Stopped by James Reimer with a rebound.
15:18 of 2nd period - Shot by Phillip Danault.
15:18 of 2nd period - Shot Hit the Post.
15:20 of 2nd period - Shot by Carl Gunnarsson.
15:20 of 2nd period - Stopped by Jake Oettinger with a rebound.
16:09 of 2nd period - Jakub Voracek is hit by Artturi Lehkonen and loses puck.
16:13 of 2nd period - Jaden Schwartz is hit by Artturi Lehkonen and loses puck.
17:05 of 2nd period - Shot by Josh Bailey.
17:05 of 2nd period - Stopped by Jake Oettinger without a rebound.
17:06 of 2nd period - Victor Rask wins face-off versus Phillip Danault in LONG BEACH BARACUDAS zone.
17:31 of 2nd period - Off-side.
17:32 of 2nd period - Connor McDavid wins face-off versus Derek Stepan in neutral zone.
17:32 of 2nd period - Connor McDavid is hit by J.T. Compher.
17:38 of 2nd period - Shot by Nikolaj Ehlers.
17:38 of 2nd period - Stopped by Jake Oettinger without a rebound.
17:39 of 2nd period - Connor McDavid wins face-off versus Joshua Norris in LONG BEACH BARACUDAS zone.
17:46 of 2nd period - Shot by Connor McDavid.
17:46 of 2nd period - Stopped by Jake Oettinger with a rebound.
17:48 of 2nd period - Shot by Connor McDavid.
17:48 of 2nd period - Stopped by Jake Oettinger without a rebound.
17:49 of 2nd period - Phillip Danault wins face-off versus Derek Stepan in LONG BEACH BARACUDAS zone.
18:03 of 2nd period - Chris Kreider is hit by Michael Del Zotto and loses puck.
18:41 of 2nd period - Icing by Nathan MacKinnon.
18:42 of 2nd period - Joshua Norris wins face-off versus Phillip Danault in ANCHORAGE ACES zone.
18:42 of 2nd period - Jakub Voracek is hit by Seth Jones and loses puck.
19:03 of 2nd period - Shot by Jaden Schwartz.
19:03 of 2nd period - Shot Hit the Post.
19:05 of 2nd period - Shot by P.K. Subban.
19:05 of 2nd period - Deflect By Jakub Voracek.
19:05 of 2nd period - Shot Blocked by Patrik Nemeth.
19:19 of 2nd period - Shot by Jakub Voracek.
19:19 of 2nd period - Stopped by James Reimer without a rebound.
19:20 of 2nd period - Victor Rask wins face-off versus Artturi Lehkonen in ANCHORAGE ACES zone.
19:20 of 2nd period - Victor Rask is hit by Robert Bortuzzo.
19:55 of 2nd period - Alexandre Texier is hit by Artturi Lehkonen and loses puck.
Goals for this period are 0 for LONG BEACH BARACUDAS vs 1 for ANCHORAGE ACES.
Shots for this period are 9 for LONG BEACH BARACUDAS vs 11 for ANCHORAGE ACES.

3rd period


0:01 of 3rd period - Phillip Danault wins face-off versus Jakub Voracek in neutral zone.
0:10 of 3rd period - Shot by Seth Jones.
0:10 of 3rd period - Shot Blocked by Michael Del Zotto.
0:42 of 3rd period - Shot by Nathan MacKinnon.
0:42 of 3rd period - Stopped by Jake Oettinger without a rebound.
0:43 of 3rd period - Brock Nelson wins face-off versus Connor McDavid in LONG BEACH BARACUDAS zone.
1:05 of 3rd period - Icing by Nikolaj Ehlers.
1:06 of 3rd period - Connor McDavid wins face-off versus Derek Stepan in ANCHORAGE ACES zone.
1:19 of 3rd period - Shot by Connor McDavid.
1:19 of 3rd period - Shot Misses the Net.
1:21 of 3rd period - Shot by Nikolaj Ehlers.
1:21 of 3rd period - Stopped by Jake Oettinger without a rebound.
1:22 of 3rd period - Phillip Danault wins face-off versus Jakub Voracek in LONG BEACH BARACUDAS zone.
1:25 of 3rd period - Shot by Nathan MacKinnon.
1:25 of 3rd period - Stopped by Jake Oettinger with a rebound.
1:27 of 3rd period - Shot by Seth Jones.
1:27 of 3rd period - Stopped by Jake Oettinger without a rebound.
1:28 of 3rd period - Phillip Danault wins face-off versus Joshua Norris in LONG BEACH BARACUDAS zone.
1:28 of 3rd period - Phillip Danault is hit by Michael Del Zotto.
1:33 of 3rd period - Phillip Danault is hit by Michael Del Zotto and loses puck.
1:50 of 3rd period - Shot by Phillip Danault.
1:50 of 3rd period - Shot Misses the Net.
2:00 of 3rd period - Shot by Nathan MacKinnon.
2:00 of 3rd period - Shot Misses the Net.
2:02 of 3rd period - Shot by Nathan MacKinnon.
2:02 of 3rd period - Shot Blocked by Michael Del Zotto.
2:04 of 3rd period - Shot by Nathan MacKinnon.
2:04 of 3rd period - Stopped by Jake Oettinger without a rebound.
2:05 of 3rd period - Brock Nelson wins face-off versus Connor McDavid in LONG BEACH BARACUDAS zone.
2:05 of 3rd period - Brock Nelson is hit by Nikolaj Ehlers.
2:15 of 3rd period - Shot by Connor McDavid.
2:15 of 3rd period - Stopped by Jake Oettinger without a rebound.
2:16 of 3rd period - Derek Stepan wins face-off versus Charlie Coyle in LONG BEACH BARACUDAS zone.
2:16 of 3rd period - Derek Stepan is hit by Jordan Martinook.
2:49 of 3rd period - Derek Stepan is hit by Robert Bortuzzo and loses puck.
3:11 of 3rd period - Off-side.
3:12 of 3rd period - Connor McDavid wins face-off versus Brock Nelson in neutral zone.
3:15 of 3rd period - Shot by Nikolaj Ehlers.
3:15 of 3rd period - Shot Misses the Net.
3:17 of 3rd period - Shot by Zachary Werenski.
3:17 of 3rd period - Shot Misses the Net.
3:19 of 3rd period - Shot by Patrik Nemeth.
3:19 of 3rd period - Stopped by Jake Oettinger without a rebound.
3:20 of 3rd period - Brock Nelson wins face-off versus Connor McDavid in LONG BEACH BARACUDAS zone.
3:42 of 3rd period - Icing by Taylor Hall.
3:43 of 3rd period - Phillip Danault wins face-off versus Brock Nelson in LONG BEACH BARACUDAS zone.
3:48 of 3rd period - Shot by Phillip Danault.
3:48 of 3rd period - Stopped by Jake Oettinger without a rebound.
3:49 of 3rd period - Connor McDavid wins face-off versus Joshua Norris in LONG BEACH BARACUDAS zone.
4:07 of 3rd period - Icing by Alex Pietrangelo.
4:08 of 3rd period - Joshua Norris wins face-off versus Nathan MacKinnon in LONG BEACH BARACUDAS zone.
5:27 of 3rd period - Shot by Taylor Hall.
5:27 of 3rd period - Shot Misses the Net.
6:02 of 3rd period - Michael Del Zotto is hit by Jordan Martinook and loses puck.
6:28 of 3rd period - Shot by Max Domi.
6:28 of 3rd period - Shot Blocked by Carl Gunnarsson.
6:41 of 3rd period - Shot by J.T. Compher.
6:41 of 3rd period - Shot Misses the Net.
7:22 of 3rd period - Shot by Joshua Norris.
7:22 of 3rd period - Shot Misses the Net.
7:24 of 3rd period - Shot by Alex Pietrangelo.
7:24 of 3rd period - Shot Blocked by Charlie Coyle.
7:26 of 3rd period - Shot by Alex Pietrangelo.
7:26 of 3rd period - Shot Misses the Net.
8:40 of 3rd period - Shot by Max Domi.
8:40 of 3rd period - Shot Blocked by Robert Bortuzzo.
8:42 of 3rd period - Shot by J.T. Compher.
8:42 of 3rd period - Stopped by James Reimer with a rebound.
8:44 of 3rd period - Shot by Derek Stepan.
8:44 of 3rd period - Shot Misses the Net.
9:11 of 3rd period - Shot by Taylor Hall.
9:11 of 3rd period - Stopped by James Reimer without a rebound.
9:12 of 3rd period - Joshua Norris wins face-off versus Phillip Danault in ANCHORAGE ACES zone.
9:17 of 3rd period - Shot by Jaden Schwartz.
9:17 of 3rd period - Goal by Jaden Schwartz - LONG BEACH BARACUDAS : 3 - ANCHORAGE ACES : 2.
9:18 of 3rd period - Phillip Danault wins face-off versus Joshua Norris in neutral zone.
9:50 of 3rd period - Shot by Phillip Danault.
9:50 of 3rd period - Stopped by Jake Oettinger without a rebound.
9:51 of 3rd period - Connor McDavid wins face-off versus Brock Nelson in LONG BEACH BARACUDAS zone.
10:12 of 3rd period - Shot by Brock Nelson.
10:12 of 3rd period - Stopped by James Reimer with a rebound.
10:14 of 3rd period - Shot by Brock Nelson.
10:14 of 3rd period - Shot Misses the Net.
10:16 of 3rd period - Shot by Taylor Hall.
10:16 of 3rd period - Stopped by James Reimer without a rebound.
10:17 of 3rd period - Phillip Danault wins face-off versus Derek Stepan in ANCHORAGE ACES zone.
10:27 of 3rd period - Icing by Seth Jones.
10:28 of 3rd period - Joshua Norris wins face-off versus Phillip Danault in ANCHORAGE ACES zone.
11:40 of 3rd period - Shot by Nikolaj Ehlers.
11:40 of 3rd period - Stopped by Jake Oettinger without a rebound.
11:41 of 3rd period - Brock Nelson wins face-off versus Brad Richardson in LONG BEACH BARACUDAS zone.
11:41 of 3rd period - Brock Nelson is hit by Cedric Paquette.
12:10 of 3rd period - Cedric Paquette is hit by Robert Fabbri and loses puck.
13:09 of 3rd period - J.T. Compher is hit by Ben Chiarot and loses puck.
13:33 of 3rd period - Alexandre Texier is hit by Ben Chiarot and loses puck.
13:36 of 3rd period - Shot by Alex Pietrangelo.
13:36 of 3rd period - Stopped by James Reimer without a rebound.
13:37 of 3rd period - Joshua Norris wins face-off versus Phillip Danault in ANCHORAGE ACES zone.
13:37 of 3rd period - Joshua Norris is hit by Ben Chiarot.
13:42 of 3rd period - Jakub Voracek is hit by Seth Jones and loses puck.
13:46 of 3rd period - Icing by Phillip Danault.
13:47 of 3rd period - Phillip Danault wins face-off versus Brock Nelson in ANCHORAGE ACES zone.
13:55 of 3rd period - Nathan MacKinnon is hit by Alex Pietrangelo and loses puck.
14:05 of 3rd period - Icing by Alex Pietrangelo.
14:06 of 3rd period - Connor McDavid wins face-off versus Brock Nelson in LONG BEACH BARACUDAS zone.
15:03 of 3rd period - Nathan MacKinnon is hit by Michael Del Zotto and loses puck.
16:06 of 3rd period - Icing by Michael Del Zotto.
16:07 of 3rd period - Connor McDavid wins face-off versus Joshua Norris in LONG BEACH BARACUDAS zone.
16:44 of 3rd period - Shot by J.T. Compher.
16:44 of 3rd period - Deflect By Derek Stepan.
16:44 of 3rd period - Goal by Derek Stepan - LONG BEACH BARACUDAS : 4 - ANCHORAGE ACES : 2.
16:45 of 3rd period - Phillip Danault wins face-off versus Robert Fabbri in neutral zone.
16:50 of 3rd period - Shot by Chris Kreider.
16:50 of 3rd period - Stopped by Jake Oettinger without a rebound.
16:51 of 3rd period - Brock Nelson wins face-off versus Phillip Danault in LONG BEACH BARACUDAS zone.
17:27 of 3rd period - Minor Penalty to Chris Kreider for Roughing.
17:28 of 3rd period - Phillip Danault wins face-off versus Victor Rask in ANCHORAGE ACES zone.
17:44 of 3rd period - Icing by J.T. Compher.
17:45 of 3rd period - Phillip Danault wins face-off versus Jaden Schwartz in LONG BEACH BARACUDAS zone.
18:39 of 3rd period - Icing by Taylor Hall.
18:40 of 3rd period - Phillip Danault wins face-off versus Brock Nelson in LONG BEACH BARACUDAS zone.
19:17 of 3rd period - Shot by Victor Rask.
19:17 of 3rd period - Stopped by James Reimer without a rebound.
19:18 of 3rd period - Charlie Coyle wins face-off versus Jaden Schwartz in ANCHORAGE ACES zone.
19:29 of 3rd period - Shot by Jaden Schwartz.
19:29 of 3rd period - Stopped by James Reimer without a rebound.
19:30 of 3rd period - Connor McDavid wins face-off versus Derek Stepan in ANCHORAGE ACES zone.
Goals for this period are 2 for LONG BEACH BARACUDAS vs 0 for ANCHORAGE ACES.
Shots for this period are 9 for LONG BEACH BARACUDAS vs 11 for ANCHORAGE ACES.


DARCY
KUEMPER
JAKE
OETTINGER
NINO
NIEDERREITER

EAST COAST

HOCKEY LEAGUE

  • 1.CHI2QUE4
  • 2.LIM2CHA3
  • 3.LON3TRV5
  • 4.BAL5CHW6
  • 5.MANPIT
  • 6.NHWATL
  • 7.PETWOR
  • 8.RHI